 Dungeon Crawl Stone Soup version 0.29.1-15-g9cfb28693d (webtiles) character file.

Game seed: 855030533758740644

115 Descartes the Firebug (level 4, -1/24 HPs)
             Began as a Deep Elf Fire Elementalist on Mar 16, 2023.
             Slain by Grinder (5 damage)
             ... on level 3 of the Dungeon.
             The game lasted 00:05:03 (2478 turns).

Descartes the Firebug (Deep Elf Fire Elementalist)  Turns: 2478, Time: 00:05:04

Health: -1/24      AC:  3    Str:  7    XL:     4   Next: 68%
Magic:  1/11       EV: 12    Int: 20    God:
Gold:   168        SH:  3    Dex: 15    Spells: 8/10 levels left

rFire   . . .      SeeInvis .   q - +2 dagger (venom)
rCold   . . .      Faith    .   f - +0 buckler
rNeg    . . .      Spirit   .   a - +0 robe
rPois   +          Reflect  .   (no helmet)
rElec   .          Harm     .   (no cloak)
rCorr   .          Rampage  .   h - +0 pair of gloves
Will    .....                   (no boots)
Stlth   ++........              (no amulet)
HPRegen 0.08/turn               o - ring of poison resistance
MPRegen 0.12/turn               (no ring)

@: no status effects
A: no striking features
a: no special abilities


You were on level 3 of the Dungeon.
You visited 1 branch of the dungeon, and saw 3 of its levels.

You collected 168 gold pieces.

Inventory:

Hand Weapons
 i - a +0 short sword
 q - a +2 dagger of venom (weapon)
Missiles
 g - 2 atropa-tipped darts
 j - 4 poisoned darts
Armour
 a - a +0 robe (worn)
 f - a +0 buckler (worn)
 h - a +0 pair of gloves (worn)
Jewellery
 o - a ring of poison resistance (left hand)
Scrolls
 l - a scroll of enchant armour {unknown}
 m - a scroll of fog {unknown}
 p - a scroll of blinking {unknown}
 r - 2 scrolls of teleportation {unknown}
Potions
 b - a potion of magic
 c - 2 potions of might {unknown}
 d - a potion of flight {unknown}
 e - a potion of lignification {unknown}
 k - a potion of haste
 n - a potion of brilliance {unknown}
 s - 2 potions of attraction {unknown}
 t - a potion of heal wounds {unknown}


   Skills:
 + Level 2.9 Dodging
 - Level 2.4 Stealth
 + Level 3.5 Spellcasting
 + Level 2.0 Conjurations
 + Level 3.6 Fire Magic
 + Level 1.3 Ice Magic
 + Level 1.1 Air Magic
 + Level 1.3 Earth Magic
 + Level 1.3 Poison Magic
 + Level 1.4 Evocations


You had 8 spell levels left.
You knew the following spells:

 Your Spells              Type           Power      Damage    Failure   Level
a - Foxfire               Conj/Fire      56%        2x1d6     6%          1
b - Sandblast             Erth           16%        2d6       11%         1

Your spell library contained the following spells:

 Spells                   Type           Power      Damage    Failure   Level
 Scorch                   Fire           34%        2d7       6%          2
 Static Discharge         Conj/Air       9%         3-5/arc   14%         2
 Conjure Flame            Conj/Fire      14%        6-21      17%         3
 Passwall                 Tmut/Erth      5%         N/A       22%         2
 Inner Flame              Hex/Fire       10%        N/A       26%         3
 Stone Arrow              Conj/Erth      20%        3d8       28%         3
 Flame Wave               Conj/Fire      14%        2d6       50%         4
 Hailstorm                Conj/Ice       10%        3d5       65%         4
 Conjure Ball Lightning   Conj/Air       4%         3x3d6     100%        6


Dungeon Overview and Level Annotations

Branches:
Dungeon (3/15)

Altars:
Ru
Sif Muna

Annotations:
D:3 Grinder


Message History

Confirm with . or Enter, or press ? or * to list all spells.
There is not enough space to conjure foxfire!
Unknown command.
The foxfire hits Grinder.
Grinder is heavily wounded.
The foxfire hits Grinder but does no damage.
Grinder is heavily wounded.
The foxfire hits Grinder.
Grinder is heavily wounded.
The foxfire hits Grinder.
Grinder is severely wounded.
The foxfire hits Grinder.
Grinder is severely wounded.
Grinder hits you!
You writhe in agony.
Casting: Foxfire (safe; 6% risk of failure)
Confirm with . or Enter, or press ? or * to list all spells.
You conjure some foxfire!
Grinder says, "What is the universe for?"
Grinder hits you.
You writhe in agony.
Your magical contamination has completely faded away.
Unknown command.
Casting: Foxfire (safe; 6% risk of failure)
Confirm with . or Enter, or press ? or * to list all spells.
You conjure some foxfire!
The foxfire hits Grinder but does no damage.
Grinder is severely wounded.
The foxfire hits Grinder.
Grinder is severely wounded.
Grinder barely misses you.
The foxfire hits Grinder.
Grinder is severely wounded.
The foxfire hits Grinder.
Grinder is severely wounded.
Grinder gestures at you. Pain shoots through your body!
* * * LOW HITPOINT WARNING * * *
Casting: Foxfire (safe; 6% risk of failure)
Confirm with . or Enter, or press ? or * to list all spells.
You conjure some foxfire!
Grinder hits you.
You die...

....... . ...=. .# .<...#.#
.)†.... ##..#.# ..... #.####.5#
#.....@v# ######v## #.# #.#
######### #.# #########
#.......#######†## #........
#.#####..........#######.#######
#.# #..####................#
##.#####..####....#.....#.###.#


You could see Grinder (ally target).

Vanquished Creatures
  Natasha (twice) (D:2)
  An adder (D:3)
  A dart slug (D:2)
  A worm (D:2)
  An orc (D:2)
  7 ball pythons
  2 bats (D:2)
  3 endoplasms
  A giant cockroach (D:1)
  4 goblins
  11 hobgoblins
  2 jackals (D:1)
  5 kobolds
  2 quokkas (D:1)
  3 frilled lizards
  A rat (D:1)
47 creatures vanquished.

Vanquished Creatures (others)
  227 foxfires
227 creatures vanquished.

Grand Total: 274 creatures vanquished

Notes
Turn   | Place    | Note
-------+----------+-------------------------------------------
     0 | D:1      | Descartes the Deep Elf Fire Elementalist began the quest
                  | for the Orb.
     0 | D:1      | Reached XP level 1. HP: 10/10 MP: 6/6
     2 | D:1      | Got the Codex of Conflict
    19 | D:1      | Learned a level 1 spell: Sandblast
   193 | D:1      | Reached XP level 2. HP: 15/15 MP: 5/8
   305 | D:1      | Found a faded altar of an unknown god.
  1273 | D:2      | Reached XP level 3. HP: 19/19 MP: 4/9
  1329 | D:2      | Reached skill level 1 in Poison Magic
  1433 | D:2      | Found a shimmering blue altar of Sif Muna.
  1578 | D:2      | Reached skill level 1 in Evocations
  1664 | D:2      | Reached skill level 1 in Ice Magic
  1764 | D:2      | Noticed Natasha
  1770 | D:2      | Killed Natasha
  1771 | D:2      | Reached skill level 1 in Earth Magic
  1771 | D:2      | Reached XP level 4. HP: 24/24 MP: 4/11
  1970 | D:2      | Noticed Natasha
  1978 | D:2      | Killed Natasha
  1979 | D:2      | Reached skill level 1 in Air Magic
  2212 | D:2      | You fall into a shaft and drop 1 floor!
  2309 | D:3      | Found a sacrificial altar of Ru.
  2463 | D:3      | Noticed Grinder
  2478 | D:3      | Slain by Grinder

Illustrated notes

Levels and vault maps discovered:
D:1:      dpeg_arrival_stone_temple_mockup, layout_basic,
          shapermc_ecumenical_altar_acropolis, minmay_crystal_room,
          minmay_misc_feat_pillars
D:2:      layout_loops_ring, basic_altar, hangedman_decor_growths,
          uniq_crazy_yiuf_cottage, uniq_natasha
D:3:      layout_loops_corners, mainiacjoe_overflow_cross_hatched,
          overflow_temple_1_default, uniq_grinder

Skill      XL: |  1  2  3  4 |
---------------+-------------+-----
Poison Magic   | 1 |  1.3
Evocations     | 1 |  1.4
Ice Magic      | 1 |  1.3
Earth Magic    | 1 |  1.3
Air Magic      | 1 |  1.1
Conjurations   | 2 |  2.0
Dodging        | |  2.9
Stealth        | |  2.4
Spellcasting   | |  3.5
Fire Magic     | |  3.6

Action                   |  1- 3 |  4- 6 || total
-------------------------+-------+-------++-------
 Cast: Foxfire           |    97 |    40 ||   137
Armor: Robe              |     2 |     2 ||     4
Dodge: Dodged            |     7 |     3 ||    10
Block: Buckler           |     6 |       ||     6
